 Dungeon Crawl Stone Soup version 0.27.1 (webtiles) character file.

Game seed: 3320602963665798664

76 Astera the Magician (level 4, 0/32 HPs)
             Began as a Djinni Fire Elementalist on Sept 4, 2021.
             Was a Believer of Yredelemnul.
             Slain by a centaur (1 damage)
             ... on level 3 of the Dungeon.
             The game lasted 00:13:53 (2466 turns).

Astera the Magician (Djinni Fire Elementalist)      Turns: 2466, Time: 00:13:53

Health: 0/32       AC:  2    Str:  7    XL:     4   Next: 57%
Gold:   88         EV: 13    Int: 17    God:    Yredelemnul [**....] SH:  0 Dex: 20

rFire    + + +     SeeInvis .   f - +0 short sword
rCold    x x .     Faith    .   (no shield)
rNeg     . . .     Spirit   .   a - +0 robe
rPois    ∞         Reflect  .   (no helmet)
rElec    .         Harm     .   (no cloak)
rCorr    .         Rampage  .   (no gloves)
Will     .....                  (boots unavailable)
Stlth    ++........             i - amulet of regeneration
HPRegen  1.10/turn              d - ring of fire
MPRegen  0.00/turn              n - +6 ring of dexterity

@: flying, very slightly contaminated
A: sickness immunity, fire resistance 2, cold vulnerability 1, float, innate
caster, hp casting, extra vitality 1
a: Renounce Religion, Animate Remains, Recall Undead Slaves, Injury Mirror


You were on level 3 of the Dungeon.
You worshipped Yredelemnul.
Yredelemnul was pleased with you.
You visited 1 branch of the dungeon, and saw 3 of its levels.

You collected 88 gold pieces.

Inventory:

Hand Weapons
 f - a +0 short sword (weapon)
Missiles
 b - 6 silver boomerangs
 k - 40 stones
Armour
 a - a +0 robe (worn)
Magical Staves
 e - a staff of poison
Jewellery
 d - a ring of fire (left hand)
 i - an amulet of regeneration (around neck)
 n - a +6 ring of dexterity (right hand)
Scrolls
 c - a scroll of holy word {unknown}
 g - a scroll of silence {unknown}
 j - 2 scrolls of identify {unknown}
 l - a scroll of amnesia {unknown}
Potions
 h - a potion of haste {unknown}
 m - a potion of mutation {unknown}


   Skills:
 + Level 1.2 Fighting
 + Level 0.4 Staves
 + Level 1.1 Armour
 + Level 2.7 Dodging
 + Level 2.1 Stealth
 * Level 3.0 Spellcasting


You couldn't memorise any spells.
You knew the following spells:

 Your Spells              Type           Power      Damage    Failure   Level
a - Foxfire               Conj/Fire      76%        2x1d7     4%          1
b - Conjure Flame         Conj/Fire      19%        6-21      16%         3
c - Inner Flame           Hex/Fire       19%        N/A       16%         3
d - Sticky Flame          Conj/Fire      19%        2d4       45%         4
e - Fireball              Conj/Fire      9%         3d6       80%         5
f - Sandblast             Erth           24%        2d8       4%          1
Your spell library was empty.

Dungeon Overview and Level Annotations

Branches:
Dungeon (3/15)

Altars:
Nemelex Xobeh
Yredelemnul


Innate Abilities, Weirdness & Mutations

You are immune to sickness and miasma.
You are immune to poison.
Your flesh is very heat resistant. (rF++)
You are vulnerable to cold. (rC-)
You float through the air rather than walking.
You learn spells naturally, not from books.
Your magical power is your life essence.
You have superior vitality. (+4 HP)


Message History

Your foxfire dissipates!
You are too injured to fight recklessly!
The centaur hits you. The centaur closely misses you.
You are too injured to fight recklessly!
You are too injured to fight recklessly!
Casting: Foxfire (safe; 4% risk of failure)
Confirm with . or Enter, or press ? or * to list all spells.
You feel a surge of power!
You conjure some foxfire!
The centaur hits you. The centaur kicks you.
* * * LOW HITPOINT WARNING * * *
Your foxfire dissipates!
The centaur wields a +0 shortbow.
The centaur shoots an arrow.
The arrow hits you.
* * * LOW HITPOINT WARNING * * *
You hit the centaur.
The centaur is heavily wounded.
The centaur unwields a +0 shortbow.
The centaur completely misses you. The centaur kicks you.
* * * LOW HITPOINT WARNING * * *
You barely miss the centaur.
The centaur is heavily wounded.
The centaur hits you.
* * * LOW HITPOINT WARNING * * *
The centaur kicks you but does no damage.
The centaur closely misses you.
The centaur kicks you but does no damage.
Casting: Foxfire (safe; 4% risk of failure)
Confirm with . or Enter, or press ? or * to list all spells.
Aiming: Sandblast (safe; 4% risk of failure)
Press: ? - help, Shift-Dir - straight line, f - centaur
Aim: a centaur, quivering arrows (heavily wounded, 87% to hit)
You miscast Sandblast.
You are very lightly contaminated with residual magic.
Nothing appears to happen.
* * * LOW HITPOINT WARNING * * *
The centaur hits you.
* * * LOW HITPOINT WARNING * * *
The centaur kicks you.
You die...
Your body rises from the dead as a mindless zombie.

#§# #####.# ###§####
#.# #.v....# #.#
###......# #.#
.........# #.#
####...### #.#
..##....# #.#
...#..#.###########.#
...#...>.......c@...#
......#.#############
...#..... ...#.## .#
..## . ### .. .†. ...


You could see a centaur.

Vanquished Creatures
  A worm (D:3)
  2 dart slugs
  9 bats
  7 endoplasms
  5 goblins
  4 hobgoblins
  2 jackals (D:2)
  A quokka (D:2)
  8 ball pythons
  5 frilled lizards
  7 kobolds
  3 rats
54 creatures vanquished.

Vanquished Creatures (collateral kills)
  An adder (D:2)
  A ball python (D:2)
  A giant cockroach (D:2)
  A hobgoblin (D:2)
  2 foxfires (D:1)
6 creatures vanquished.

Vanquished Creatures (others)
  2 ball python zombies (D:2)
  A frilled lizard zombie (D:2)
  A rat zombie (D:3)
  A worm zombie (D:3)
  113 foxfires
  A plant (D:1)
119 creatures vanquished.

Grand Total: 179 creatures vanquished

Notes
Turn   | Place    | Note
-------+----------+-------------------------------------------
     0 | D:1      | Astera the Djinni Fire Elementalist began the quest for the
                  | Orb.
     0 | D:1      | Reached XP level 1. HP: 15/15 MP: 0/0
   267 | D:1      | Found a faded altar of an unknown god.
   275 | D:1      | Became a worshipper of Yredelemnul the Dark
   275 | D:1      | Reached * piety under Yredelemnul
   389 | D:1      | Reached XP level 2. HP: 20/21 MP: 0/0
  1025 | D:2      | Reached XP level 3. HP: 26/26 MP: 0/0
  1025 | D:2      | Learned a level 1 spell: Sandblast
  1535 | D:2      | Reached skill level 1 in Armour
  1564 | D:2      | Reached ** piety under Yredelemnul
  1726 | D:2      | Reached XP level 4. HP: 31/31 MP: 0/0
  1818 | D:2      | Reached skill level 1 in Fighting
  2354 | D:3      | Reached skill level 3 in Spellcasting
  2378 | D:3      | Found a sparkling altar of Nemelex Xobeh.
  2449 | D:3      | Noticed a centaur
  2466 | D:3      | HP: 1/32 [centaur (1)]
  2466 | D:3      | Slain by a centaur

Illustrated notes

Levels and vault maps discovered:
D:1:      erik_arrival_blinker_ship, layout_loops_ring,
          ebering_ecumenical_altar_hall, serial_bayou, serial_bayou_shore_b,
          serial_bayou_ford_a, serial_bayou_pond_a, serial_bayou_crossing
D:2:      minmay_razor_zed, layout_loops_ring, grunt_decor_fettered,
          chequers_serial_rivers_large_b
D:3:      layout_basic, old_standard_altar, goddamned_bats,
          uniq_crazy_yiuf_cottage

Skill      XL: |  1  2  3  4 |
---------------+-------------+-----
Stealth        | 2 |  2.1
Armour         | 1 |  1.1
Fighting       | 1 |  1.2
Spellcasting   | 3 |  3.0
Staves         | |  0.4
Dodging        | |  2.7

Action                   |  1- 3 |  4- 6 || total
-------------------------+-------+-------++-------
Melee: Short sword       |     1 |    10 ||    11
 Cast: Foxfire           |    57 |    43 ||   100
Invok: Animate Remains   |     2 |     5 ||     7
Armor: Robe              |     1 |     9 ||    10
Dodge: Dodged            |     5 |    21 ||    26
